 Dungeon Crawl Stone Soup version 0.28.0-53-g5a82cb258f (webtiles) character file.

Game seed: 14057199825702297252

28 Zeld the Ruffian (level 2, 0/23 HPs)
             Began as a Draconian Transmuter on May 21, 2022.
             Slain by an adder (2 damage)
             ... on level 2 of the Dungeon.
             The game lasted 00:00:55 (1223 turns).

Zeld the Ruffian (Draconian Transmuter)             Turns: 1223, Time: 00:00:55

Health: 0/23       AC:  4    Str: 12    XL:     2   Next: 96%
Magic:  4/5        EV: 12    Int: 13    God:
Gold:   30         SH:  0    Dex: 11    Spells: 2/5 levels left

rFire   . . .      SeeInvis .     - Unarmed
rCold   . . .      Faith    .   (no shield)
rNeg    . . .      Spirit   .   (armour unavailable)
rPois   .          Reflect  .   (helmet currently unavailable)
rElec   .          Harm     .   (no cloak)
rCorr   .          Rampage  .   (no gloves)
Will    .....                   (boots currently unavailable)
Stlth   +.........              (no amulet)
HPRegen 0.07/turn               (no ring)
MPRegen 0.09/turn               (no ring)

@: lethally poisoned (0 -> -10), appendages
A: horns 2, talons 2, AC +4, unfitting armour, cold-blooded
a: End Transformation


You were on level 2 of the Dungeon.
You had temporarily grown beastly horns and talons.
You visited 1 branch of the dungeon, and saw 2 of its levels.

You collected 30 gold pieces.

Inventory:

Scrolls
 a - 2 scrolls of teleportation {unknown}
Potions
 b - a potion of invisibility {unknown}
 c - a potion of ambrosia {unknown}
 d - a potion of brilliance {unknown}


   Skills:
 + Level 1.3 Fighting
 * Level 2.1 Dodging
 - Level 3.0 Unarmed Combat
 * Level 2.3 Spellcasting
 * Level 2.4 Transmutations
 + Level 0.5 Ice Magic
 + Level 0.5 Poison Magic


You had 2 spell levels left.
You knew the following spells:

 Your Spells              Type           Power      Damage    Failure   Level
a - Beastly Appendage     Tmut           14%        N/A       9%          1
b - Wereblood             Tmut           7%         N/A       14%         2

Your spell library contained the following spells:

 Spells                   Type           Power      Damage    Failure   Level
 Spider Form              Tmut/Pois      5%         N/A       36%         3
 Ice Form                 Ice/Tmut       5%         N/A       78%         4


Dungeon Overview and Level Annotations

Branches:
Dungeon (2/15)

Altars:


Innate Abilities, Weirdness & Mutations

You have temporarily grown beastly horns and talons.
Your plain brown scales are hard. (AC +4)
You cannot fit into any form of body armour.
You are cold-blooded and may be slowed by cold attacks.


Message History

You are poisoned.
The adder poisons you!
Your magical contamination has completely faded away.
You feel sick.
There is a stone staircase leading up here.
You feel sick.
You feel sick. The adder completely misses you.
You feel sick.
Casting: Beastly Appendage (safe; 9% risk of failure)
Confirm with . or Enter, or press ? or * to list all spells.
You grow a pair of large bovine horns.
Your feet morph into talons.
You feel sick. The adder barely misses you.
You hit the adder but do no damage. Your kick misses the adder.
You headbutt the adder.
The adder is moderately wounded.
You feel sick. The adder barely misses you.
You hit the adder but do no damage. You claw the adder.
Your headbutt misses the adder.
The adder is heavily wounded.
You feel sick.
You are no longer poisoned.
The adder misses you. The adder barely misses you.
You miss the adder. Your kick misses the adder. Your headbutt misses the adder.
The adder is heavily wounded.
The adder bites you.
You are lethally poisoned!
The adder poisons you!
You barely miss the adder. Your headbutt misses the adder.
The adder is heavily wounded.
* * * LOW HITPOINT WARNING * * *
You feel sick. The adder bites you.
* * * LOW HITPOINT WARNING * * *
You are more poisoned.
The adder poisons you!
You barely miss the adder. You claw the adder.
The adder is severely wounded.
* * * LOW HITPOINT WARNING * * *
You feel very sick. The adder bites you.
You die...

#.# #.....# # # #.# #.....#
.#.# #.# #.....##...## ###.#
#............ #...#
#...)........
#########.#.####.........>..
#......##.#....#....)#######
#...........##.###<........
#...........##.@SJ.########
#..........#######.#
#......##### #.# ##......#
..# ........# ### ##....†.#
#......# #......#####.#
#............#


You could see an adder and an endoplasm.

Vanquished Creatures
  2 bats (D:1)
  5 endoplasms (D:1)
  3 goblins (D:1)
  2 hobgoblins (D:1)
  2 jackals (D:1)
  A quokka (D:1)
  2 ball pythons (D:1)
  A frilled lizard (D:1)
  4 kobolds
  2 rats
24 creatures vanquished.

Notes
Turn   | Place    | Note
-------+----------+-------------------------------------------
     0 | D:1      | Zeld the Draconian Transmuter began the quest for the Orb.
     0 | D:1      | Reached XP level 1. HP: 16/16 MP: 3/3
   290 | D:1      | Reached XP level 2. HP: 17/23 MP: 3/5
   296 | D:1      | Learned a level 2 spell: Wereblood
  1223 | D:2      | Slain by an adder

Illustrated notes

Levels and vault maps discovered:
D:1:      zelgadis_glass_arrival_small, layout_loops_cross
D:2:      layout_basic

Skill      XL: |  1  2 |
---------------+-------+-----
Dodging        | 2 |  2.1
Fighting       | |  1.3
Unarmed Combat | |  3.0
Spellcasting   | |  2.3
Transmutations | |  2.4
Ice Magic      | |  0.5
Poison Magic   | |  0.5

Action                   || total
-------------------------++-------
Melee: Unarmed           ||    52
       Kick              ||    15
       Headbutt          ||     9
       Tailslap          ||     5
 Cast: Beastly Appendage ||    18
Armor: Skin              ||    17
Dodge: Dodged            ||    41
